Oilers vs Maple Leafs (R1)

Created - June 3, 2021 at 19:00

Goals
1 2 3 T
Oilers 2 1 2 5
Maple Leafs 0 1 2 3
Shots
1 2 3 T
Oilers 9 6 11 26
Maple Leafs 10 7 13 30

1st period

1. Oilers , James Neal 5 (Phil Kessel 9, Brandon Sutter 6) at 6:20
2. Oilers , Henrik Zetterberg 4 (Taylor Hall 12, Tobias Enstrom 6) at 14:34 (PP)

Penalties :
Phil Kessel (EDM) for Interference (Minor) at 3:48, Claude Giroux (Tor) for Hooking (Minor) at 13:20, Patrick Kane (Tor) for Hooking (Minor) at 16:34, Tobias Enstrom (EDM) for Charging (Minor) at 16:43

2nd period

3. Maple Leafs , Jake Guentzel 5 (Kevin Shattenkirk 15, Patrick Kane 8) at 6:40 (PP)
4. Oilers , Phil Kessel 4 (Tobias Enstrom 7) at 11:44 (PP)

Penalties :
Henrik Zetterberg (EDM) for Hooking (Minor) at 5:28, Beau Bennett (Tor) for Hooking (Minor) at 7:18, Jake Guentzel (Tor) for Holding (Minor) at 11:11, James Neal (EDM) for Roughing (Minor) at 12:43, Adam Larsson (EDM) for Hooking (Minor) at 17:24

3rd period

5. Maple Leafs , Mika Zibanejad 3 (Andre Burakovsky 4) at 2:11
6. Oilers , Riley Sheahan 5 (Rasmus Ristolainen 14, Henrik Zetterberg 15) at 4:04
7. Maple Leafs , Claude Giroux 5 (Patrick Kane 9) at 4:36
8. Oilers , Rasmus Ristolainen 4 (Tobias Enstrom 8, Jordan Eberle 4) at 9:12 (PP)

Penalties :
Ryan Parent (Tor) for Hooking (Minor) at 8:56

Goalie Stats

James Reimer (EDM), 27 saves from 30 shots - (0.900), W, 11-5-1, 60:00 minutes
John Gibson (Tor), 13 saves from 17 shots - (0.765), L, 11-4-0, 44:04 minutes
Tyler Weiman (Tor), 8 saves from 9 shots - (0.889), 15:56 minutes

Players Stats for Oilers

Player Name              G  A  P  +/- PIM S  H  SB GA TA FO     MP     PP MP  PK MP  
------------------------------------------------------------------------------------
Adam Larsson             0  0  0   0  2   2  2  0  1  2  0/0    20:00   0:04   2:13 
Anton Volchenkov         0  0  0   0  0   0  1  0  0  0  0/0    11:56   0:00   0:53 
Brandon Sutter           0  1  1   1  0   0  1  0  0  0  5/13   14:03   0:33   0:00 
Connor McDavid           0  0  0  -1  0   0  0  0  1  0  2/6    11:24   0:00   0:02 
Darnell Nurse            0  0  0   0  0   0  4  0  0  0  0/0    19:53   0:04   2:49 
Henrik Zetterberg        1  1  2   0  2   3  1  0  0  0  12/25  20:49   3:38   1:59 
James Neal               1  0  1   1  2   4  2  0  2  0  0/1    14:51   0:33   0:33 
Jordan Eberle            0  1  1   0  0   3  1  2  0  0  0/0    23:39   3:38   4:10 
Kevin Porter             0  0  0   0  0   3  0  0  0  0  0/2     6:53   0:00   0:00 
Leon Draisaitl           0  0  0   0  0   1  0  0  0  0  0/0     7:15   0:00   0:22 
Nikolai Kulemin          0  0  0  -1  0   0  0  1  0  0  1/1    13:07   0:00   1:48 
Oscar Klefbom            0  0  0   0  0   0  0  1  0  2  0/0    11:15   0:00   0:00 
Pavel Buchnevich         0  0  0   0  0   0  0  0  0  0  1/1     6:53   0:00   0:00 
Phil Kessel              1  1  2   1  2   2  3  0  1  0  0/0    16:17   0:33   1:33 
Rasmus Ristolainen       1  1  2   0  0   3  1  1  0  2  0/0    28:54   4:07   4:19 
Riley Sheahan            1  0  1  -1  0   3  1  0  0  0  0/0    11:44   0:00   0:00 
Taylor Hall              0  1  1   0  0   2  2  1  0  2  5/8    23:35   3:38   4:09 
Tobias Enstrom           0  3  3   0  2   0  5  1  0  0  0/0    28:19   4:06   4:22 

Players Stats for Maple Leafs

Player Name              G  A  P  +/- PIM S  H  SB GA TA FO     MP     PP MP  PK MP  
------------------------------------------------------------------------------------
Andre Burakovsky         0  1  1   1  0   1  1  0  0  0  0/0    10:37   0:00   0:27 
Beau Bennett             0  0  0   1  2   1  1  1  1  0  1/1    10:23   0:00   0:00 
Ben Smith                0  0  0   0  0   1  0  0  1  0  0/0    15:58   3:08   0:00 
Blake Comeau             0  0  0  -2  0   2  0  0  0  0  0/0     6:32   0:00   0:00 
Bo Horvat                0  0  0  -2  0   0  1  0  0  0  2/2     6:19   0:00   0:00 
Brayden Schenn           0  0  0   1  0   1  1  0  0  0  16/31  23:09   4:10   1:27 
Calvin de Haan           0  0  0   1  0   1  1  1  0  2  0/0    13:34   2:24   0:00 
Claude Giroux            1  0  1   1  2   6  2  1  1  0  1/2    23:51   4:10   1:57 
Dany Heatley             0  0  0  -2  0   0  2  0  0  0  0/0     8:30   0:00   1:19 
Hampus Lindholm          0  0  0   1  0   1  3  3  0  0  0/0    20:28   2:33   1:25 
Haydn Fleury             0  0  0   1  0   0  0  1  1  0  0/0    11:02   0:00   0:00 
Jake Guentzel            1  0  1   0  2   1  1  0  0  1  0/0    15:57   3:08   0:00 
John Klingberg           0  0  0  -2  0   1  2  2  1  1  0/0    28:30   4:45   2:46 
Kevin Shattenkirk        0  1  1  -2  0   5  6  0  1  1  0/0    28:30   4:45   2:46 
Logan Couture            0  0  0   0  0   2  2  1  1  0  7/14   20:00   3:08   2:44 
Mika Zibanejad           1  0  1   1  0   1  1  0  0  0  4/7    11:07   0:00   0:00 
Patrick Kane             0  2  2   1  2   3  0  1  1  0  0/0    21:32   4:10   0:28 
Ryan Parent              0  0  0   1  2   3  2  2  0  0  0/0    17:55   0:09   1:25 

3 Stars

1 - Tobias Enstrom (EDM)
2 - Phil Kessel (EDM)
3 - Rasmus Ristolainen (EDM)

Power Play

Oilers - 3 on 5 Attempt(s) - 60.00%
Maple Leafs - 1 on 5 Attempt(s) - 20.00%

Penalty Kill

Oilers - 4 on 5 Attempt(s) - 80.00% - Score 0 goal in Penalty Kill
Maple Leafs - 2 on 5 Attempt(s) - 40.00% - Score 0 goal in Penalty Kill

Team Stat

Oilers - Hits : 24 - Faceoff Wins : 26 - Blocked Shots : 7 - Penalty Minutes : 10
Maple Leafs - Hits : 26 - Faceoff Wins : 31 - Blocked Shots : 13 - Penalty Minutes : 10

Official

Referees : Unknown
Linesman : Unknown

Game Notes

Tyler Weiman enters game at 4:04 of 3rd period

Finance

Level 1 -- Attendance: 6000 (100.00%) -- Ticket Income $660,000
Level 2 -- Attendance: 5000 (100.00%) -- Ticket Income $350,000
Level 3 -- Attendance: 2000 (100.00%) -- Ticket Income $92,000
Level 4 -- Attendance: 4000 (100.00%) -- Ticket Income $120,000
Luxury Box -- Attendance: 1000 (100.00%) -- Ticket Income $180,000
Game was played at the Maple Leafs Garden.
Total Attendance: 18000 (100.00%)
Total Ticket Income: $1,402,000
Other Income: $210,300
Total Income: $1,612,300

Oilers

5 vs 5 Forward 
   Center                   Left Wing                Right Wing               Time % Phy DF OF 
 1 Henrik Zetterberg        Taylor Hall              Jordan Eberle            40     1   2  2  
 2 Brandon Sutter           James Neal               Phil Kessel              30     1   2  2  
 3 Connor McDavid           Nikolai Kulemin          Riley Sheahan            20     1   2  2  
 4 Kevin Porter             Leon Draisaitl           Pavel Buchnevich         10     1   2  2  

5 vs 5 Defense 
   Defense                  Defense                                           Time % Phy DF OF 
 1 Tobias Enstrom           Rasmus Ristolainen                                40     1   2  2  
 2 Darnell Nurse            Adam Larsson                                      30     1   2  2  
 3 Oscar Klefbom            Anton Volchenkov                                  20     1   2  2  
 4 Tobias Enstrom           Rasmus Ristolainen                                10     1   2  2  

PowerPlay Forward 
   Center                   Left Wing                Right Wing               Time % Phy DF OF 
 1 Henrik Zetterberg        Taylor Hall              Jordan Eberle            60     1   2  2  
 2 Brandon Sutter           James Neal               Phil Kessel              40     1   2  2  

PowerPlay Defense
   Defense                  Defense                                           Time % Phy DF OF 
 1 Tobias Enstrom           Rasmus Ristolainen                                60     1   2  2  
 2 Darnell Nurse            Adam Larsson                                      40     1   2  2  

Penalty Kill 4 Players Forward 
   Center                   Wing                     Time % Phy DF OF 
 1 Taylor Hall              Jordan Eberle            60     1   2  2  
 2 Henrik Zetterberg        Phil Kessel              40     1   2  2  

Penalty Kill 4 Players Defense
   Defense                  Defense                  Time % Phy DF OF 
 1 Tobias Enstrom           Rasmus Ristolainen       60     1   2  2  
 2 Darnell Nurse            Adam Larsson             40     1   2  2  

Penalty Kill - 3 Players Forward 
   Forward                                           Time % Phy DF OF 
 1 Taylor Hall                                       60     1   2  2  
 2 Jordan Eberle                                     40     1   2  2  

Penalty Kill - 3 Players Defense
   Defense                  Defense                  Time % Phy DF OF 
 1 Tobias Enstrom           Rasmus Ristolainen       60     1   2  2  
 2 Darnell Nurse            Adam Larsson             40     1   2  2  

4 vs 4 Forward 
   Center                   Wing                     Time % Phy DF OF 
 1 Taylor Hall              Jordan Eberle            60     1   2  2  
 2 Henrik Zetterberg        Phil Kessel              40     1   2  2  

4 vs 4 Defense
   Defense                  Defense                  Time % Phy DF OF 
 1 Tobias Enstrom           Rasmus Ristolainen       60     1   2  2  
 2 Darnell Nurse            Adam Larsson             40     1   2  2  

Last Minutes Offensive
   Center                   Left Wing                Right Wing               Defense                  Defense                  
   Henrik Zetterberg        Taylor Hall              Jordan Eberle            Tobias Enstrom           Rasmus Ristolainen       

Last Minutes Defensive
   Center                   Left Wing                Right Wing               Defense                  Defense                  
   Henrik Zetterberg        Taylor Hall              Jordan Eberle            Tobias Enstrom           Rasmus Ristolainen       

Goaltenders
Starting : James Reimer             
Backup : Jonas Gustavsson         

Extra Forwards
Normal : Riley Sheahan, Connor McDavid, Nikolai Kulemin - PP : Riley Sheahan, Connor McDavid - PK : Nikolai Kulemin
Extra Defensemen
Normal : Oscar Klefbom, Anton Volchenkov, Darnell Nurse - PP : Oscar Klefbom - PK : Anton Volchenkov, Darnell Nurse
Penalty Shots
Taylor Hall, Jordan Eberle, Henrik Zetterberg, Phil Kessel, James Neal

Scratches
Denis Grebeshkov (Separated Right Shoulder Injury), Jordan Caron (Healthy), Mike Smith (Healthy)

Maple Leafs

5 vs 5 Forward 
   Center                   Left Wing                Right Wing               Time % Phy DF OF 
 1 Brayden Schenn           Claude Giroux            Patrick Kane             40     1   2  2  
 2 Logan Couture            Jake Guentzel            Ben Smith                30     1   2  2  
 3 Mika Zibanejad           Andre Burakovsky         Beau Bennett             20     1   2  2  
 4 Bo Horvat                Dany Heatley             Blake Comeau             10     1   2  2  

5 vs 5 Defense 
   Defense                  Defense                                           Time % Phy DF OF 
 1 Kevin Shattenkirk        John Klingberg                                    40     1   2  2  
 2 Ryan Parent              Hampus Lindholm                                   30     1   2  2  
 3 Haydn Fleury             Calvin de Haan                                    20     1   2  2  
 4 Kevin Shattenkirk        John Klingberg                                    10     1   2  2  

PowerPlay Forward 
   Center                   Left Wing                Right Wing               Time % Phy DF OF 
 1 Brayden Schenn           Claude Giroux            Patrick Kane             60     1   2  2  
 2 Logan Couture            Jake Guentzel            Ben Smith                40     1   2  2  

PowerPlay Defense
   Defense                  Defense                                           Time % Phy DF OF 
 1 Kevin Shattenkirk        John Klingberg                                    60     1   2  2  
 2 Calvin de Haan           Hampus Lindholm                                   40     1   2  2  

Penalty Kill 4 Players Forward 
   Center                   Wing                     Time % Phy DF OF 
 1 Logan Couture            Claude Giroux            60     1   2  2  
 2 Brayden Schenn           Patrick Kane             40     1   2  2  

Penalty Kill 4 Players Defense
   Defense                  Defense                  Time % Phy DF OF 
 1 Kevin Shattenkirk        John Klingberg           60     1   2  2  
 2 Ryan Parent              Hampus Lindholm          40     1   2  2  

Penalty Kill - 3 Players Forward 
   Forward                                           Time % Phy DF OF 
 1 Brayden Schenn                                    60     1   2  2  
 2 Logan Couture                                     40     1   2  2  

Penalty Kill - 3 Players Defense
   Defense                  Defense                  Time % Phy DF OF 
 1 Kevin Shattenkirk        John Klingberg           60     1   2  2  
 2 Ryan Parent              Hampus Lindholm          40     1   2  2  

4 vs 4 Forward 
   Center                   Wing                     Time % Phy DF OF 
 1 Logan Couture            Patrick Kane             60     1   2  2  
 2 Brayden Schenn           Claude Giroux            40     1   2  2  

4 vs 4 Defense
   Defense                  Defense                  Time % Phy DF OF 
 1 Kevin Shattenkirk        John Klingberg           60     1   2  2  
 2 Ryan Parent              Hampus Lindholm          40     1   2  2  

Last Minutes Offensive
   Center                   Left Wing                Right Wing               Defense                  Defense                  
   Brayden Schenn           Claude Giroux            Patrick Kane             Kevin Shattenkirk        John Klingberg           

Last Minutes Defensive
   Center                   Left Wing                Right Wing               Defense                  Defense                  
   Brayden Schenn           Claude Giroux            Patrick Kane             Kevin Shattenkirk        Ryan Parent              

Goaltenders
Starting : John Gibson              
Backup : Tyler Weiman             

Extra Forwards
Normal : Mika Zibanejad, Dany Heatley, Brayden Schenn - PP : Mika Zibanejad, Dany Heatley - PK : Logan Couture
Extra Defensemen
Normal : Ryan Parent, Calvin de Haan, Haydn Fleury - PP : Ryan Parent - PK : Calvin de Haan, Haydn Fleury
Penalty Shots
Claude Giroux, Patrick Kane, Brayden Schenn, Ben Smith, Logan Couture

Scratches
Braydon Coburn (Suspend), Chris Kelly (Healthy)

% Time on Ice - Oilers

Lines # - Real PCT - Wanted PCT - Time Play
Normal Forward
1 - 33% - 40% - 15:34
2 - 29% - 30% - 13:31
3 - 23% - 20% - 10:43
4 - 15% - 10% - 6:53
Normal Defense
1 - 41% - 40% - 19:09
2 - 35% - 30% - 16:21
3 - 22% - 20% - 10:04
4 - 2% - 10% - 1:07
PP Forward
1 - 87% - 60% - 3:38
2 - 13% - 40% - 0:33
PP Defense
1 - 98% - 60% - 4:07
2 - 2% - 40% - 0:04
PK Forward
1 - 68% - 60% - 4:56
2 - 32% - 40% - 2:22
PK Defense
1 - 61% - 60% - 4:29
2 - 39% - 40% - 2:49
PK3 Forward
1 - 0% - 60%
2 - 0% - 40%
PK3 Defense
1 - 0% - 60%
2 - 0% - 40%
44 Forward
1 - 73% - 60% - 1:20
2 - 27% - 40% - 0:30
44 Defense
1 - 65% - 60% - 1:11
2 - 35% - 40% - 0:39
Last Minute Offensive  - 0:00
Last Minute Defensive  - 0:00
Total
Forward - 60:00
Defense - 60:00

% Time on Ice - Maple Leafs

Lines # - Real PCT - Wanted PCT - Time Play
Normal Forward
1 - 37% - 40% - 17:22
2 - 27% - 30% - 12:50
3 - 22% - 20% - 10:10
4 - 14% - 10% - 6:19
Normal Defense
1 - 40% - 40% - 18:51
2 - 34% - 30% - 16:05
3 - 24% - 20% - 11:02
4 - 2% - 10% - 0:43
PP Forward
1 - 57% - 60% - 4:10
2 - 43% - 40% - 3:08
PP Defense
1 - 65% - 60% - 4:45
2 - 35% - 40% - 2:33
PK Forward
1 - 89% - 60% - 3:43
2 - 11% - 40% - 0:28
PK Defense
1 - 66% - 60% - 2:46
2 - 34% - 40% - 1:25
PK3 Forward
1 - 0% - 60%
2 - 0% - 40%
PK3 Defense
1 - 0% - 60%
2 - 0% - 40%
44 Forward
1 - 100% - 60% - 1:50
2 - 0% - 40% - 0:00
44 Defense
1 - 77% - 60% - 1:25
2 - 23% - 40% - 0:25
Last Minute Offensive  - 0:00
Last Minute Defensive  - 0:00
Total
Forward - 60:00
Defense - 60:00

Play-by-Play

1st period


0:01 of 1st period - Brayden Schenn wins face-off versus Henrik Zetterberg in neutral zone.
0:40 of 1st period - Slapshot by Phil Kessel.
0:40 of 1st period - Shot Hit the Post.
1:02 of 1st period - Wrist shot by Bo Horvat.
1:02 of 1st period - Deflect By Blake Comeau.
1:02 of 1st period - Stopped by James Reimer with a rebound.
1:04 of 1st period - Wrist shot by Kevin Shattenkirk.
1:04 of 1st period - Deflect By Connor McDavid.
1:04 of 1st period - Stopped by James Reimer with a rebound.
1:23 of 1st period - Hampus Lindholm is hit by Adam Larsson and loses puck.
1:40 of 1st period - Slapshot by Ben Smith.
1:40 of 1st period - Shot Misses the Net.
1:42 of 1st period - Slapshot by Ryan Parent.
1:42 of 1st period - Shot Misses the Net.
1:58 of 1st period - Andre Burakovsky is hit by Phil Kessel and loses puck.
2:11 of 1st period - Calvin de Haan is hit by Anton Volchenkov and loses puck.
2:47 of 1st period - Snap shot by Claude Giroux.
2:47 of 1st period - Stopped by James Reimer without a rebound.
2:48 of 1st period - Pavel Buchnevich wins face-off versus Brayden Schenn in Oilers zone.
3:02 of 1st period - Snap shot by Patrick Kane.
3:02 of 1st period - Stopped by James Reimer with a rebound.
3:04 of 1st period - Snap shot by Claude Giroux.
3:04 of 1st period - Stopped by James Reimer without a rebound.
3:05 of 1st period - Henrik Zetterberg wins face-off versus Logan Couture in Oilers zone.
3:05 of 1st period - Henrik Zetterberg is hit by Hampus Lindholm.
3:11 of 1st period - Slapshot by Rasmus Ristolainen.
3:11 of 1st period - Shot Blocked by Ryan Parent.
3:31 of 1st period - Brandon Sutter is hit by Hampus Lindholm and loses puck.
3:48 of 1st period - Minor Penalty to Phil Kessel for Interference.
3:49 of 1st period - Brayden Schenn wins face-off versus Taylor Hall in Oilers zone.
4:00 of 1st period - Snap shot by Patrick Kane.
4:00 of 1st period - Deflect By Claude Giroux.
4:00 of 1st period - Shot Blocked by Taylor Hall.
4:00 of 1st period - Puck is out of play.
4:01 of 1st period - Taylor Hall wins face-off versus Brayden Schenn in Oilers zone.
4:28 of 1st period - Ben Smith is hit by Tobias Enstrom and loses puck.
5:48 of 1st period - Penalty to Phil Kessel is over, Phil Kessel is back on ice.
6:07 of 1st period - Slapshot by Pavel Buchnevich.
6:07 of 1st period - Deflect By Hampus Lindholm.
6:07 of 1st period - Shot Misses the Net.
6:07 of 1st period - Puck is out of play.
6:08 of 1st period - Bo Horvat wins face-off versus Brandon Sutter in Maple Leafs zone.
6:20 of 1st period - Snap shot by James Neal.
6:20 of 1st period - Goal by James Neal - Oilers : 1 - Maple Leafs : 0.
6:21 of 1st period - Brayden Schenn wins face-off versus Henrik Zetterberg in neutral zone.
6:30 of 1st period - Brayden Schenn is hit by Taylor Hall and loses puck.
7:11 of 1st period - Slapshot by Tobias Enstrom.
7:11 of 1st period - Shot Misses the Net.
8:13 of 1st period - Jake Guentzel is hit by Tobias Enstrom and loses puck.
8:40 of 1st period - Slapshot by Logan Couture.
8:40 of 1st period - Stopped by James Reimer without a rebound.
8:41 of 1st period - Connor McDavid wins face-off versus Brayden Schenn in Oilers zone.
9:13 of 1st period - Slapshot by Beau Bennett.
9:13 of 1st period - Stopped by James Reimer with a rebound.
9:15 of 1st period - Snap shot by Ryan Parent.
9:15 of 1st period - Stopped by James Reimer without a rebound.
9:16 of 1st period - Logan Couture wins face-off versus Henrik Zetterberg in Oilers zone.
9:45 of 1st period - Slapshot by Jake Guentzel.
9:45 of 1st period - Shot Blocked by Oscar Klefbom.
10:03 of 1st period - Icing by Patrick Kane.
10:04 of 1st period - Connor McDavid wins face-off versus Brayden Schenn in Maple Leafs zone.
10:11 of 1st period - Wrist shot by Riley Sheahan.
10:11 of 1st period - Shot Blocked by Hampus Lindholm.
10:21 of 1st period - Slapshot by Claude Giroux.
10:21 of 1st period - Shot Misses the Net.
10:41 of 1st period - Snap shot by Henrik Zetterberg.
10:41 of 1st period - Stopped by John Gibson with a rebound.
10:57 of 1st period - Slapshot by Brayden Schenn.
10:57 of 1st period - Stopped by James Reimer without a rebound.
10:58 of 1st period - Logan Couture wins face-off versus Brandon Sutter in Oilers zone.
11:25 of 1st period - Tobias Enstrom is hit by Mika Zibanejad and loses puck.
11:36 of 1st period - Wrist shot by Riley Sheahan.
11:36 of 1st period - Stopped by John Gibson with a rebound.
12:14 of 1st period - Anton Volchenkov is hit by Calvin de Haan and loses puck.
12:30 of 1st period - Phil Kessel is hit by Beau Bennett and loses puck.
12:45 of 1st period - Snap shot by James Neal.
12:45 of 1st period - Stopped by John Gibson with a rebound.
12:47 of 1st period - Slapshot by Tobias Enstrom.
12:47 of 1st period - Shot Blocked by John Klingberg.
12:49 of 1st period - Snap shot by James Neal.
12:49 of 1st period - Shot Misses the Net.
12:51 of 1st period - Slapshot by Phil Kessel.
12:51 of 1st period - Stopped by John Gibson without a rebound.
12:52 of 1st period - Henrik Zetterberg wins face-off versus Logan Couture in Maple Leafs zone.
13:07 of 1st period - Wrist shot by Henrik Zetterberg.
13:07 of 1st period - Deflect By Taylor Hall.
13:07 of 1st period - Shot Misses the Net.
13:07 of 1st period - Puck is out of play.
13:08 of 1st period - Claude Giroux wins face-off versus Connor McDavid in Maple Leafs zone.
13:20 of 1st period - Minor Penalty to Claude Giroux for Hooking.
13:21 of 1st period - Henrik Zetterberg wins face-off versus Logan Couture in Maple Leafs zone.
14:34 of 1st period - Wrist shot by Henrik Zetterberg.
14:34 of 1st period - Goal by Henrik Zetterberg - Oilers : 2 - Maple Leafs : 0.
14:35 of 1st period - Brayden Schenn wins face-off versus Brandon Sutter in neutral zone.
15:01 of 1st period - Darnell Nurse is hit by Logan Couture and loses puck.
15:53 of 1st period - Slapshot by Kevin Shattenkirk.
15:53 of 1st period - Stopped by James Reimer without a rebound.
15:54 of 1st period - Henrik Zetterberg wins face-off versus Brayden Schenn in Oilers zone.
15:54 of 1st period - Rasmus Ristolainen is hit by Kevin Shattenkirk and loses puck.
16:00 of 1st period - Rasmus Ristolainen is hit by Brayden Schenn and loses puck.
16:05 of 1st period - Snap shot by Henrik Zetterberg.
16:05 of 1st period - Shot Misses the Net.
16:09 of 1st period - Slapshot by Henrik Zetterberg.
16:09 of 1st period - Stopped by John Gibson with a rebound.
16:34 of 1st period - Minor Penalty to Patrick Kane for Hooking.
16:35 of 1st period - Logan Couture wins face-off versus Henrik Zetterberg in Maple Leafs zone.
16:43 of 1st period - Minor Penalty to Tobias Enstrom for Charging.
16:44 of 1st period - Logan Couture wins face-off versus Taylor Hall in Oilers zone.
17:36 of 1st period - Wrist shot by Brayden Schenn.
17:36 of 1st period - Shot Misses the Net.
17:44 of 1st period - Kevin Shattenkirk is hit by Darnell Nurse and loses puck.
18:34 of 1st period - Penalty to Patrick Kane is over, Patrick Kane is back on ice.
18:43 of 1st period - Penalty to Tobias Enstrom is over, Tobias Enstrom is back on ice.
19:06 of 1st period - Wrist shot by Adam Larsson.
19:06 of 1st period - Stopped by John Gibson with a rebound.
19:32 of 1st period - Slapshot by Phil Kessel.
19:32 of 1st period - Shot Misses the Net.
19:34 of 1st period - Backhand shot by Rasmus Ristolainen.
19:34 of 1st period - Stopped by John Gibson with a rebound.
19:36 of 1st period - Snap shot by Tobias Enstrom.
19:36 of 1st period - Deflect By Brandon Sutter.
19:36 of 1st period - Shot Blocked by Haydn Fleury.
19:36 of 1st period - Puck is out of play.
19:37 of 1st period - Beau Bennett wins face-off versus James Neal in Maple Leafs zone.
19:37 of 1st period - Beau Bennett is hit by Phil Kessel.
Goals for this period are 2 for Oilers vs 0 for Maple Leafs.
Shots for this period are 9 for Oilers vs 10 for Maple Leafs.

2nd period


0:01 of 2nd period - Brayden Schenn wins face-off versus Henrik Zetterberg in neutral zone.
0:20 of 2nd period - Claude Giroux is hit by Taylor Hall and loses puck.
0:55 of 2nd period - Slapshot by Andre Burakovsky.
0:55 of 2nd period - Shot Misses the Net.
1:05 of 2nd period - Slapshot by Kevin Shattenkirk.
1:05 of 2nd period - Shot Blocked by Nikolai Kulemin.
2:04 of 2nd period - Calvin de Haan is hit by Brandon Sutter and loses puck.
2:36 of 2nd period - Haydn Fleury is hit by Darnell Nurse and loses puck.
2:57 of 2nd period - Patrick Kane is hit by Tobias Enstrom and loses puck.
3:14 of 2nd period - Tobias Enstrom is hit by Dany Heatley and loses puck.
3:35 of 2nd period - Pavel Buchnevich is hit by Logan Couture.
3:51 of 2nd period - Slapshot by Kevin Porter.
3:51 of 2nd period - Stopped by John Gibson without a rebound.
3:52 of 2nd period - Brayden Schenn wins face-off versus Henrik Zetterberg in Maple Leafs zone.
3:52 of 2nd period - Brayden Schenn is hit by Darnell Nurse.
4:43 of 2nd period - Mika Zibanejad is hit by Riley Sheahan and loses puck.
5:04 of 2nd period - Slapshot by Hampus Lindholm.
5:04 of 2nd period - Stopped by James Reimer without a rebound.
5:05 of 2nd period - Brayden Schenn wins face-off versus Henrik Zetterberg in Oilers zone.
5:06 of 2nd period - Wrist shot by Claude Giroux.
5:06 of 2nd period - Stopped by James Reimer with a rebound.
5:10 of 2nd period - Snap shot by Claude Giroux.
5:10 of 2nd period - Shot Blocked by Rasmus Ristolainen.
5:12 of 2nd period - Slapshot by Haydn Fleury.
5:12 of 2nd period - Shot Blocked by Tobias Enstrom.
5:14 of 2nd period - Slapshot by Calvin de Haan.
5:14 of 2nd period - Shot Misses the Net.
5:16 of 2nd period - Snap shot by Patrick Kane.
5:16 of 2nd period - Shot Misses the Net.
5:18 of 2nd period - Slapshot by Claude Giroux.
5:18 of 2nd period - Shot Misses the Net.
5:22 of 2nd period - Slapshot by Patrick Kane.
5:22 of 2nd period - Stopped by James Reimer with a rebound.
5:28 of 2nd period - Minor Penalty to Henrik Zetterberg for Hooking.
5:29 of 2nd period - Taylor Hall wins face-off versus Brayden Schenn in Oilers zone.
5:34 of 2nd period - Jordan Eberle is hit by Kevin Shattenkirk and loses puck.
6:01 of 2nd period - Slapshot by Kevin Shattenkirk.
6:01 of 2nd period - Shot Misses the Net.
6:12 of 2nd period - Icing by Jake Guentzel.
6:13 of 2nd period - Nikolai Kulemin wins face-off versus Brayden Schenn in Maple Leafs zone.
6:40 of 2nd period - Wrist shot by Jake Guentzel.
6:40 of 2nd period - Goal by Jake Guentzel - Oilers : 2 - Maple Leafs : 1.
6:41 of 2nd period - Brayden Schenn wins face-off versus Henrik Zetterberg in neutral zone.
7:18 of 2nd period - Minor Penalty to Beau Bennett for Hooking.
7:19 of 2nd period - Logan Couture wins face-off versus Brandon Sutter in Maple Leafs zone.
8:14 of 2nd period - Wrist shot by Rasmus Ristolainen.
8:14 of 2nd period - Shot Blocked by Patrick Kane.
8:16 of 2nd period - Slapshot by Rasmus Ristolainen.
8:16 of 2nd period - Shot Misses the Net.
8:30 of 2nd period - Logan Couture is hit by Rasmus Ristolainen.
9:18 of 2nd period - Penalty to Beau Bennett is over, Beau Bennett is back on ice.
9:31 of 2nd period - Wrist shot by Taylor Hall.
9:31 of 2nd period - Stopped by John Gibson without a rebound.
9:32 of 2nd period - Brandon Sutter wins face-off versus Mika Zibanejad in Maple Leafs zone.
9:41 of 2nd period - Snap shot by James Neal.
9:41 of 2nd period - Stopped by John Gibson with a rebound.
9:43 of 2nd period - Slapshot by Darnell Nurse.
9:43 of 2nd period - Shot Blocked by Calvin de Haan.
9:45 of 2nd period - Slapshot by Darnell Nurse.
9:45 of 2nd period - Shot Blocked by Beau Bennett.
9:47 of 2nd period - Snap shot by Adam Larsson.
9:47 of 2nd period - Shot Hit the Post.
10:17 of 2nd period - Icing by Ryan Parent.
10:18 of 2nd period - Bo Horvat wins face-off versus Kevin Porter in Maple Leafs zone.
10:31 of 2nd period - Icing by Hampus Lindholm.
10:32 of 2nd period - Brayden Schenn wins face-off versus Brandon Sutter in Maple Leafs zone.
10:32 of 2nd period - Claude Giroux is hit by James Neal and loses puck.
10:45 of 2nd period - Snap shot by Phil Kessel.
10:45 of 2nd period - Shot Misses the Net.
10:47 of 2nd period - Slapshot by Adam Larsson.
10:47 of 2nd period - Deflect By James Neal.
10:47 of 2nd period - Shot Misses the Net.
10:47 of 2nd period - Puck is out of play.
10:48 of 2nd period - Logan Couture wins face-off versus Connor McDavid in Maple Leafs zone.
10:59 of 2nd period - Wrist shot by Nikolai Kulemin.
10:59 of 2nd period - Shot Misses the Net.
11:11 of 2nd period - Minor Penalty to Jake Guentzel for Holding.
11:12 of 2nd period - Henrik Zetterberg wins face-off versus Claude Giroux in Maple Leafs zone.
11:39 of 2nd period - Claude Giroux is hit by Tobias Enstrom and loses puck.
11:44 of 2nd period - Slapshot by Phil Kessel.
11:44 of 2nd period - Goal by Phil Kessel - Oilers : 3 - Maple Leafs : 1.
11:45 of 2nd period - Taylor Hall wins face-off versus Brayden Schenn in neutral zone.
11:48 of 2nd period - Slapshot by Rasmus Ristolainen.
11:48 of 2nd period - Stopped by John Gibson with a rebound.
12:17 of 2nd period - Slapshot by Adam Larsson.
12:17 of 2nd period - Stopped by John Gibson without a rebound.
12:18 of 2nd period - Brandon Sutter wins face-off versus Logan Couture in Maple Leafs zone.
12:37 of 2nd period - Wrist shot by Ben Smith.
12:37 of 2nd period - Shot Misses the Net.
12:39 of 2nd period - Snap shot by Logan Couture.
12:39 of 2nd period - Shot Misses the Net.
12:41 of 2nd period - Wrist shot by Logan Couture.
12:41 of 2nd period - Shot Misses the Net.
12:43 of 2nd period - Minor Penalty to James Neal for Roughing.
12:44 of 2nd period - Taylor Hall wins face-off versus Brayden Schenn in Oilers zone.
12:44 of 2nd period - Taylor Hall is hit by Kevin Shattenkirk.
12:54 of 2nd period - Tobias Enstrom is hit by Kevin Shattenkirk and loses puck.
13:23 of 2nd period - Snap shot by Kevin Shattenkirk.
13:23 of 2nd period - Shot Misses the Net.
14:43 of 2nd period - Penalty to James Neal is over, James Neal is back on ice.
15:17 of 2nd period - Snap shot by Blake Comeau.
15:17 of 2nd period - Stopped by James Reimer without a rebound.
15:18 of 2nd period - Mika Zibanejad wins face-off versus Kevin Porter in Oilers zone.
15:27 of 2nd period - Snap shot by Andre Burakovsky.
15:27 of 2nd period - Stopped by James Reimer with a rebound.
15:45 of 2nd period - James Neal is hit by Dany Heatley and loses puck.
16:49 of 2nd period - Logan Couture is hit by James Neal and loses puck.
17:00 of 2nd period - Snap shot by Logan Couture.
17:00 of 2nd period - Stopped by James Reimer without a rebound.
17:01 of 2nd period - Henrik Zetterberg wins face-off versus Brayden Schenn in Oilers zone.
17:01 of 2nd period - Henrik Zetterberg is hit by John Klingberg.
17:13 of 2nd period - John Klingberg is hit by Darnell Nurse and loses puck.
17:24 of 2nd period - Minor Penalty to Adam Larsson for Hooking.
17:25 of 2nd period - Brayden Schenn wins face-off versus Taylor Hall in Oilers zone.
17:57 of 2nd period - Snap shot by Kevin Shattenkirk.
17:57 of 2nd period - Shot Misses the Net.
18:01 of 2nd period - Slapshot by Kevin Shattenkirk.
18:01 of 2nd period - Shot Blocked by Jordan Eberle.
18:03 of 2nd period - Snap shot by Jake Guentzel.
18:03 of 2nd period - Shot Blocked by Jordan Eberle.
18:19 of 2nd period - Ben Smith is hit by Phil Kessel and loses puck.
19:17 of 2nd period - Jake Guentzel is hit by Henrik Zetterberg and loses puck.
19:24 of 2nd period - Penalty to Adam Larsson is over, Adam Larsson is back on ice.
19:32 of 2nd period - Wrist shot by Andre Burakovsky.
19:32 of 2nd period - Shot Misses the Net.
Goals for this period are 1 for Oilers vs 1 for Maple Leafs.
Shots for this period are 6 for Oilers vs 7 for Maple Leafs.

3rd period


0:01 of 3rd period - Henrik Zetterberg wins face-off versus Brayden Schenn in neutral zone.
0:10 of 3rd period - Slapshot by Kevin Shattenkirk.
0:10 of 3rd period - Deflect By Rasmus Ristolainen.
0:10 of 3rd period - Stopped by James Reimer without a rebound.
0:11 of 3rd period - Brayden Schenn wins face-off versus Henrik Zetterberg in Oilers zone.
0:12 of 3rd period - Snap shot by Claude Giroux.
0:12 of 3rd period - Stopped by James Reimer without a rebound.
0:13 of 3rd period - Henrik Zetterberg wins face-off versus Brayden Schenn in Oilers zone.
0:41 of 3rd period - Icing by John Klingberg.
0:42 of 3rd period - Brandon Sutter wins face-off versus Logan Couture in Maple Leafs zone.
0:51 of 3rd period - Snap shot by Jake Guentzel.
0:51 of 3rd period - Deflect By Ben Smith.
0:51 of 3rd period - Stopped by James Reimer with a rebound.
1:21 of 3rd period - Slapshot by Kevin Shattenkirk.
1:21 of 3rd period - Deflect By Rasmus Ristolainen.
1:21 of 3rd period - Stopped by James Reimer with a rebound.
1:23 of 3rd period - Snap shot by Ben Smith.
1:23 of 3rd period - Shot Misses the Net.
1:31 of 3rd period - Wrist shot by Logan Couture.
1:31 of 3rd period - Shot Misses the Net.
1:33 of 3rd period - Slapshot by John Klingberg.
1:33 of 3rd period - Stopped by James Reimer without a rebound.
1:34 of 3rd period - Henrik Zetterberg wins face-off versus Brayden Schenn in Oilers zone.
2:03 of 3rd period - Backhand shot by Anton Volchenkov.
2:03 of 3rd period - Shot Blocked by Ryan Parent.
2:05 of 3rd period - Snap shot by Riley Sheahan.
2:05 of 3rd period - Stopped by John Gibson without a rebound.
2:06 of 3rd period - Mika Zibanejad wins face-off versus Connor McDavid in Maple Leafs zone.
2:11 of 3rd period - Snap shot by Mika Zibanejad.
2:11 of 3rd period - Goal by Mika Zibanejad - Oilers : 3 - Maple Leafs : 2.
2:12 of 3rd period - Henrik Zetterberg wins face-off versus Brayden Schenn in neutral zone.
2:29 of 3rd period - Wrist shot by Claude Giroux.
2:29 of 3rd period - Shot Misses the Net.
2:54 of 3rd period - Icing by Phil Kessel.
2:55 of 3rd period - Brayden Schenn wins face-off versus Brandon Sutter in Oilers zone.
3:22 of 3rd period - Rasmus Ristolainen is hit by Hampus Lindholm and loses puck.
4:04 of 3rd period - Slapshot by Rasmus Ristolainen.
4:04 of 3rd period - Deflect By Riley Sheahan.
4:04 of 3rd period - Goal by Riley Sheahan - Oilers : 4 - Maple Leafs : 2.
4:04 of 3rd period - Tyler Weiman enters game.
4:05 of 3rd period - Henrik Zetterberg wins face-off versus Brayden Schenn in neutral zone.
4:14 of 3rd period - Jordan Eberle is hit by Kevin Shattenkirk and loses puck.
4:36 of 3rd period - Slapshot by Claude Giroux.
4:36 of 3rd period - Goal by Claude Giroux - Oilers : 4 - Maple Leafs : 3.
4:37 of 3rd period - Brayden Schenn wins face-off versus Henrik Zetterberg in neutral zone.
4:48 of 3rd period - Snap shot by Patrick Kane.
4:48 of 3rd period - Shot Misses the Net.
5:25 of 3rd period - Nikolai Kulemin is hit by Ryan Parent and loses puck.
5:49 of 3rd period - Off-side.
5:50 of 3rd period - Henrik Zetterberg wins face-off versus Logan Couture in neutral zone.
5:55 of 3rd period - Snap shot by Henrik Zetterberg.
5:55 of 3rd period - Shot Misses the Net.
5:57 of 3rd period - Snap shot by Jordan Eberle.
5:57 of 3rd period - Stopped by Tyler Weiman without a rebound.
5:58 of 3rd period - Logan Couture wins face-off versus Henrik Zetterberg in Maple Leafs zone.
6:28 of 3rd period - Snap shot by Jordan Eberle.
6:28 of 3rd period - Stopped by Tyler Weiman without a rebound.
6:29 of 3rd period - Brandon Sutter wins face-off versus Mika Zibanejad in Maple Leafs zone.
6:30 of 3rd period - Slapshot by James Neal.
6:30 of 3rd period - Stopped by Tyler Weiman without a rebound.
6:31 of 3rd period - Mika Zibanejad wins face-off versus Brandon Sutter in Maple Leafs zone.
6:56 of 3rd period - James Neal is hit by Ryan Parent and loses puck.
7:15 of 3rd period - Backhand shot by Brandon Sutter.
7:15 of 3rd period - Shot Blocked by Logan Couture.
7:17 of 3rd period - Slapshot by Rasmus Ristolainen.
7:17 of 3rd period - Deflect By Phil Kessel.
7:17 of 3rd period - Shot Blocked by Hampus Lindholm.
7:17 of 3rd period - Puck is out of play.
7:18 of 3rd period - Brayden Schenn wins face-off versus Henrik Zetterberg in Maple Leafs zone.
7:23 of 3rd period - Taylor Hall is hit by Claude Giroux and loses puck.
8:08 of 3rd period - Ben Smith is hit by Tobias Enstrom and loses puck.
8:19 of 3rd period - Wrist shot by Leon Draisaitl.
8:19 of 3rd period - Shot Misses the Net.
8:56 of 3rd period - Minor Penalty to Ryan Parent for Hooking.
8:57 of 3rd period - Taylor Hall wins face-off versus Logan Couture in Maple Leafs zone.
9:06 of 3rd period - Snap shot by Taylor Hall.
9:06 of 3rd period - Stopped by Tyler Weiman with a rebound.
9:08 of 3rd period - Wrist shot by Jordan Eberle.
9:08 of 3rd period - Stopped by Tyler Weiman with a rebound.
9:10 of 3rd period - Slapshot by Tobias Enstrom.
9:10 of 3rd period - Shot Blocked by Claude Giroux.
9:12 of 3rd period - Snap shot by Rasmus Ristolainen.
9:12 of 3rd period - Goal by Rasmus Ristolainen - Oilers : 5 - Maple Leafs : 3.
9:13 of 3rd period - Brayden Schenn wins face-off versus Henrik Zetterberg in neutral zone.
9:18 of 3rd period - Snap shot by Claude Giroux.
9:18 of 3rd period - Stopped by James Reimer with a rebound.
9:39 of 3rd period - Tobias Enstrom is hit by John Klingberg and loses puck.
10:04 of 3rd period - Snap shot by Kevin Shattenkirk.
10:04 of 3rd period - Deflect By Adam Larsson.
10:04 of 3rd period - Stopped by James Reimer with a rebound.
10:28 of 3rd period - Slapshot by Henrik Zetterberg.
10:28 of 3rd period - Shot Blocked by John Klingberg.
10:30 of 3rd period - Backhand shot by Anton Volchenkov.
10:30 of 3rd period - Shot Misses the Net.
12:15 of 3rd period - Snap shot by Leon Draisaitl.
12:15 of 3rd period - Deflect By Kevin Porter.
12:15 of 3rd period - Stopped by Tyler Weiman with a rebound.
12:17 of 3rd period - Wrist shot by Kevin Porter.
12:17 of 3rd period - Stopped by Tyler Weiman with a rebound.
12:19 of 3rd period - Slapshot by Adam Larsson.
12:19 of 3rd period - Shot Blocked by Hampus Lindholm.
13:34 of 3rd period - Kevin Porter is hit by Kevin Shattenkirk and loses puck.
13:43 of 3rd period - Snap shot by Leon Draisaitl.
13:43 of 3rd period - Stopped by Tyler Weiman with a rebound.
14:02 of 3rd period - Darnell Nurse is hit by Bo Horvat and loses puck.
14:15 of 3rd period - Patrick Kane is hit by Adam Larsson and loses puck.
14:22 of 3rd period - Riley Sheahan is hit by Claude Giroux and loses puck.
14:35 of 3rd period - Darnell Nurse is hit by Jake Guentzel and loses puck.
14:42 of 3rd period - Snap shot by Logan Couture.
14:42 of 3rd period - Shot Misses the Net.
14:44 of 3rd period - Slapshot by Hampus Lindholm.
14:44 of 3rd period - Shot Misses the Net.
15:00 of 3rd period - Connor McDavid is hit by Andre Burakovsky and loses puck.
15:06 of 3rd period - Icing by Darnell Nurse.
15:07 of 3rd period - Brayden Schenn wins face-off versus Connor McDavid in Oilers zone.
15:10 of 3rd period - Snap shot by Patrick Kane.
15:10 of 3rd period - Stopped by James Reimer with a rebound.
15:12 of 3rd period - Slapshot by Ryan Parent.
15:12 of 3rd period - Stopped by James Reimer with a rebound.
16:59 of 3rd period - Claude Giroux is hit by Jordan Eberle and loses puck.
17:06 of 3rd period - Slapshot by Ryan Parent.
17:06 of 3rd period - Stopped by James Reimer without a rebound.
17:07 of 3rd period - Mika Zibanejad wins face-off versus Brandon Sutter in Oilers zone.
18:00 of 3rd period - Slapshot by Calvin de Haan.
18:00 of 3rd period - Stopped by James Reimer without a rebound.
18:01 of 3rd period - Brandon Sutter wins face-off versus Mika Zibanejad in Oilers zone.
Goals for this period are 2 for Oilers vs 2 for Maple Leafs.
Shots for this period are 11 for Oilers vs 13 for Maple Leafs. Output by the SimonT Hockey Simulator (STHS) for Francois Prevost - Original Page W3C HTML5 Valid
Hockey Simulator - Hockey Simulation - Hockey Manager